 Dungeon Crawl Stone Soup version 0.27.1-37-g7b29ead8ac (webtiles) character file.

Game seed: 5393128806114310159

2828 SnubMonkey the Cleaver (level 9, 0/74 HPs)
             Began as a Hill Orc Fighter on Nov 16, 2023.
             Was a Believer of Uskayaw.
             Slain by a vampire mosquito (8 damage)
             ... on level 7 of the Dungeon.
             The game lasted 00:10:30 (7877 turns).

SnubMonkey the Cleaver (Hill Orc Fighter)           Turns: 7877, Time: 00:10:31

Health: 0/74       AC: 12    Str: 22    XL:     9   Next: 73%
Magic:  15/15      EV:  5    Int:  8    God:    Uskayaw [**....]
Gold:   307        SH: 10    Dex: 10    Spells: 8/8 levels left

rFire    + . .     SeeInvis .   a - +1 broad axe (flame)
rCold    . . .     Faith    .   c - +0 kite shield
rNeg     . . .     Spirit   .   w - +0 chain mail
rPois    .         Reflect  .   i - +0 helmet
rElec    .         Harm     .   g - +0 cloak
rCorr    .         Rampage  .   (no gloves)
Will     +....                  z - +0 pair of boots
Stlth    ..........             (no amulet)
HPRegen  0.22/turn              m - ring of protection from fire
MPRegen  0.14/turn              y - ring of willpower

@: flying, studying Short Blades
A: no striking features
a: Renounce Religion, Stomp, Line Pass


You were on level 7 of the Dungeon.
You worshipped Uskayaw.
Uskayaw was aware of your devotion.
You visited 1 branch of the dungeon, and saw 7 of its levels.
You also visited: Ossuary.

You collected 307 gold pieces.

Inventory:

Hand Weapons
 a - a +1 broad axe of flaming (weapon)
 o - a +0 war axe
Missiles
 q - 9 poisoned darts (quivered)
 A - 7 curare-tipped darts
Armour
 c - a +0 kite shield (worn)
 g - a +0 cloak (worn)
 i - a +0 helmet (worn)
 w - a +0 chain mail (worn)
 z - a +0 pair of boots (worn)
Jewellery
 m - a ring of protection from fire (left hand)
 y - a ring of willpower (right hand)
Wands
 p - a wand of polymorph (8)
Scrolls
 b - 2 scrolls of amnesia
 e - 2 scrolls of teleportation
 j - 2 scrolls of blinking
 n - 3 scrolls of enchant weapon
 t - 4 scrolls of fear
Potions
 d - a potion of mutation
 f - a potion of berserk rage
 k - a potion of ambrosia
 l - 2 potions of lignification
 r - a potion of flight
 s - 3 potions of curing
 u - a potion of brilliance
 v - a potion of attraction
 x - a potion of haste


   Skills:
 + Level 5.3 Fighting
 * Level 13.3 Axes
 - Level 3.2 Armour
 + Level 4.9 Shields
 + Level 8.1 Invocations


You had 8 spell levels left.
You didn't know any spells.
Your spell library contained the following spells:

 Spells                   Type           Power      Damage    Failure   Level
 Magic Dart               Conj           0%         1d3       100%        1
 Searing Ray              Conj           0%         3d3       100%        2
 Sublimation of Blood     Necr           0%         N/A       100%        2
 Wereblood                Tmut           0%         N/A       100%        2
 Fulminant Prism          Conj/Hex       0%         3d6       100%        4
 Summon Hydra             Summ           0%         N/A       100%        7


Dungeon Overview and Level Annotations

Branches:
Dungeon (7/15)             Temple (0/1) D:4         Ossuary (visited)

Altars:
Cheibriados
Elyvilon
Fedhas
Qazlal
Uskayaw

Shops:
D:4 :   D:5 [

Annotations:
D:2 1 runed translucent door, Crazy Yiuf
D:4 Pikel


Message History

You closely miss the vampire mosquito. x2
The vampire mosquito bites you but does no damage.
You block the vampire mosquito's attack.
The vampire mosquito closely misses you.
The vampire mosquito barely misses you.
You slash the vampire mosquito! You burn the vampire mosquito.
The vampire mosquito is heavily damaged.
You hit the vampire mosquito. You burn the vampire mosquito.
The vampire mosquito bites you.
* * * LOW HITPOINT WARNING * * *
The vampire mosquito draws strength from your injuries!
The vampire mosquito barely misses you.
The vampire mosquito bites you but does no damage.
You block the vampire mosquito's attack.
You can now pass through a line of other dancers.
You miss the vampire mosquito.
The vampire mosquito is heavily damaged.
You hit the vampire mosquito but do no damage.
The vampire mosquito bites you but does no damage.
The vampire mosquito bites you!
* * * LOW HITPOINT WARNING * * *
The vampire mosquito draws strength from your injuries!
You block the vampire mosquito's attack. x2
You hit the vampire mosquito but do no damage.
The vampire mosquito is moderately damaged.
You closely miss the vampire mosquito.
The vampire mosquito closely misses you.
You block the vampire mosquito's attack.
The vampire mosquito bites you but does no damage.
The vampire mosquito bites you!
* * * LOW HITPOINT WARNING * * *
The vampire mosquito draws strength from your injuries!
You feel very buoyant.
You fly up into the air.
You block the vampire mosquito's attack.
The vampire mosquito bites you.
* * * LOW HITPOINT WARNING * * *
The vampire mosquito draws strength from your injuries!
The vampire mosquito bites you!
You die...

####....#
.......##
........##
........##
#........#
##...........
##............
##..@.## .....
##..yy..# #...).
#.......##......
#.....##..#.......
.....# #..........
....# ##.<.......
...# #..........
..# #...........
#............


You could see 2 vampire mosquitoes.

Vanquished Creatures
  A cyclops (D:6)
  Grinder (D:3)
  A wraith (Ossuary)
  Eustachio (D:5)
  A water moccasin (D:4)
  3 black bears
  2 ice beasts (D:6)
  An ogre (D:4)
  2 centaurs (D:6)
  4 lemures (D:5)
  3 phantoms
  2 scorpions
  A wight (D:6)
  A centaur zombie (D:6)
  2 bullfrog zombies (D:6)
  3 bullfrog skeletons
  2 jellies (D:6)
  3 iguanas
  A gnoll shaman (D:5)
  2 orc wizards
  Natasha (thrice) (D:3)
  Robin (D:2)
  A mummy (Ossuary)
  8 adders
  6 gnolls
  A shadow imp (D:6)
  A white imp (D:4)
  An ufetubus (D:5)
  An adder skeleton (D:4)
  2 worms
  5 dart slugs
  15 orcs
  7 bats
  10 endoplasms
  6 giant cockroaches
  15 goblins
  10 hobgoblins
  7 kobolds
  A quokka (D:3)
  6 ball pythons
  9 frilled lizards
  7 gnoll skeletons (Ossuary)
  2 kobold skeletons (Ossuary)
  16 orc skeletons (Ossuary)
  10 rats
188 creatures vanquished.

Vanquished Creatures (others)
  A fungus (D:1)
1 creature vanquished.

Grand Total: 189 creatures vanquished

Notes
Turn   | Place    | Note
-------+----------+-------------------------------------------
     0 | D:1      | SnubMonkey the Hill Orc Fighter began the quest for the
                  | Orb.
     0 | D:1      | Reached XP level 1. HP: 19/19 MP: 1/1
    17 | D:1      | Reached skill level 3 in Axes
   303 | D:1      | Reached XP level 2. HP: 26/26 MP: 2/2
   321 | D:1      | Reached skill level 4 in Axes
   371 | D:1      | Reached XP level 3. HP: 31/31 MP: 3/3
   583 | D:1      | Reached skill level 5 in Axes
   986 | D:2      | Reached XP level 4. HP: 37/39 MP: 4/4
  1044 | D:2      | Noticed Robin
  1053 | D:2      | Killed Robin
  1054 | D:2      | Reached skill level 6 in Axes
  1278 | D:2      | Found a runed translucent door.
  1279 | D:2      | Noticed Crazy Yiuf
  1532 | D:2      | Found a faded altar of an unknown god.
  2041 | D:3      | Reached XP level 5. HP: 45/45 MP: 5/5
  2133 | D:3      | Noticed Natasha
  2151 | D:3      | Killed Natasha
  2152 | D:3      | Reached skill level 7 in Axes
  2524 | D:3      | Noticed a +0 dagger
  2524 | D:3      | Noticed a +0 falchion
  2526 | D:3      | Noticed a +0 short sword
  2526 | D:3      | Noticed a +0 short sword
  2528 | D:3      | Noticed a +0 spear
  2528 | D:3      | Noticed a +0 dagger
  2546 | D:3      | Noticed a +0 falchion
  2550 | D:3      | Noticed a +0 spear
  2586 | D:3      | Found a hide-covered altar of Uskayaw.
  2592 | D:3      | Became a worshipper of Uskayaw the Reveller
  2704 | D:3      | Noticed Grinder
  2711 | D:3      | Reached * piety under Uskayaw
  2714 | D:3      | Killed Grinder
  2714 | D:3      | Reached ** piety under Uskayaw
  2715 | D:3      | Reached skill level 8 in Axes
  2715 | D:3      | Reached XP level 6. HP: 51/51 MP: 5/8
  3035 | D:3      | Noticed Natasha
  3052 | D:3      | Killed Natasha
  3743 | D:3      | Found a hide-covered altar of Uskayaw.
  3747 | D:3      | Noticed Natasha
  3757 | D:3      | Killed Natasha
  3772 | D:4      | Identified a scroll of acquirement
  3772 | D:4      | Acquired a +0 broad axe of flaming
  3782 | D:4      | Found a white marble altar of Elyvilon.
  3787 | D:4      | Reached XP level 7. HP: 44/57 MP: 9/9
  3790 | D:4      | Reached *** piety under Uskayaw
  3791 | D:4      | Reached skill level 9 in Axes
  3796 | D:4      | Reached **** piety under Uskayaw
  3805 | D:4      | Reached ***** piety under Uskayaw
  3855 | D:4      | Found a sand-covered staircase.
  3864 | Ossuary  | Entered an ossuary
  3864 | Ossuary  | Noticed a wraith
  3864 | Ossuary  | Noticed a wraith
  3864 | Ossuary  | Noticed a wraith
  4012 | Ossuary  | Noticed a wraith
  4026 | Ossuary  | Killed a wraith
  4297 | Ossuary  | Reached skill level 10 in Axes
  4513 | D:4      | Found a stormy altar of Qazlal.
  4561 | D:4      | Reached skill level 5 in Invocations
  4561 | D:4      | Reached XP level 8. HP: 54/64 MP: 11/11
  4583 | D:4      | Found Amups's Self-Improvement Boutique.
  4860 | D:4      | Found a blossoming altar of Fedhas.
  5082 | D:4      | Reached skill level 11 in Axes
  5382 | D:4      | Found a staircase to the Ecumenical Temple.
  5430 | D:5      | Entered Level 5 of the Dungeon
  5657 | D:5      | Noticed Pikel
  6339 | D:5      | Found a snail-covered altar of Cheibriados.
  6348 | D:5      | Noticed Eustachio
  6383 | D:5      | Killed Eustachio
  6559 | D:5      | Reached skill level 12 in Axes
  6586 | D:5      | Found Ream Maq's Antique Armour Emporium.
  6869 | D:6      | Reached XP level 9. HP: 53/71 MP: 14/14
  7352 | D:6      | Noticed a cyclops
  7370 | D:6      | Killed a cyclops
  7371 | D:6      | Reached skill level 5 in Fighting
  7371 | D:6      | Reached skill level 13 in Axes
  7877 | D:7      | Slain by a vampire mosquito

Illustrated notes

Levels and vault maps discovered:
D:1:      dpeg_arrival_prison, layout_loops_cross,
          ebering_dispersal_statue_hall, grunt_decor_one_mirror,
          wad_floor_pattern_2
D:2:      layout_basic, shapermc_ecumenical_altar_venn, uniq_robin,
          uniq_crazy_yiuf_cottage
D:3:      layout_basic, nicolae_uskayaw_en_pointe, minmay_pentangle,
          uniq_natasha, uniq_grinder
D:4:      layout_basic, mainiacjoe_overflow_boulevard,
          mainiacjoe_overflow_concentric_impassable,
          nicolae_qazlal_general_emergency, minmay_temple_entry_antechambers,
          enter_ossuary_1, grunt_ministairs_1, nicolae_shop_self_help
D:5:      layout_basic, slow_altar_2, serial_shops, shop, uniq_pikel,
          uniq_eustachio
D:6:      layout_cave_pods, roderic_serpentine_path, minmay_manual_mess
D:7:      minmay_the_grid_triangle_9x9_recursive_2
          [minmay_the_grid_triangle_9x9_prize_insulated,
          minmay_the_grid_triangle_9x9_zippers_horizontal,
          minmay_the_grid_triangle_9x9_from_above,
          minmay_the_grid_triangle_9x9_steps], layout_layer_cave,
          mainiacjoe_overflow_six_doors_small

Skill      XL: |  1  2  3  4  5  6  7  8  9 |
---------------+----------------------------+-----
Axes           | 3 4 5 6 8 10 12 13 | 13.3
Invocations    | 2 3 5 7 8 |  8.1
Fighting       | 5 |  5.3
Shields        | 4 |  4.9
Armour         | |  3.2

Action                   |  1- 3 |  4- 6 |  7- 9 || total
-------------------------+-------+-------+-------++-------
Melee: War axe           |    89 |   149 |   210 ||   448
       Broad axe         |       |       |    83 ||    83
Invok: Stomp             |       |       |     3 ||     3
  Use: Potion            |       |     1 |     2 ||     3
       Scroll            |       |     5 |    15 ||    20
 Stab: Paralysed         |       |       |    14 ||    14
Armor: Scale mail        |    48 |    90 |    49 ||   187
       Chain mail        |       |       |   117 ||   117
Dodge: Dodged            |    32 |    45 |    72 ||   149
Block: Kite shield       |    44 |    70 |   149 ||   263
